 Dungeon Sprint DCSS version 0.30-a0-618-gd6c86c23d0 (webtiles) character file.

Game seed: 1728316227351051096

1809 BigDaddyOpFi the Blocker (level 9, -1/70 HPs)
             Began as an Octopode Fighter on Jan 9, 2023.
             Was a Priest of Qazlal.
             Slain by an air elemental (4 damage)
             ... while paralysed by an air elemental
             ... in the Dungeon (Sprint V: "Ziggurat Sprint").
             The game lasted 00:02:09 (708 turns).

BigDaddyOpFi the Blocker (Octopode Fighter)          Turns: 708, Time: 00:02:10

Health: -1/70      AC:  1    Str: 32    XL:     9   Next: 10%
Magic:  15/15      EV:  2    Int: 22    God:    Qazlal [***...]
Gold:   0          SH:  0    Dex: 29    Spells: 8/8 levels left

rFire   . . .      SeeInvis .    C - +6 shillelagh "Devastator" {shatter}
rCold   . . .      Faith    .    j - +3 tower shield
rNeg    . . .      Spirit   .    (helmet restricted)
rPois   .          Reflect  .    b - amulet of magic regeneration
rElec   .          Harm     .    u - ring of flight
rCorr   .          Rampage  .    v - +6 ring of dexterity
Will    .....      NoTele   +    w - +6 ring of dexterity
Stlth   ++                       x - +6 ring of intelligence
HPRegen 0.31/turn                y - +6 ring of intelligence
MPRegen 0.54/turn                z - +6 ring of strength
                                 A - +6 ring of strength
                                 E - +6 ring of dexterity

@: paralysed, flying, studying Long Blades
A: almost no armour, amphibious, 8 rings, camouflage 1, gelatinous body 1,
(nimble swimmer 1), tentacles
a: Renounce Religion, Upheaval, Elemental Force


You were in the Dungeon.
You worshipped Qazlal.
Qazlal was most pleased with you.
You visited 1 branch

Inventory:

Hand Weapons
 C - the +6 shillelagh "Devastator" (weapon) {shatter}
   (You found it in the Dungeon)

   It releases a powerful concussive burst when it strikes, dealing extra damage
   to the target and all other creatures adjacent to them.
Armour
 j - a +3 tower shield (worn)
Jewellery
 a - a ring of magical power
 b - an amulet of magic regeneration (around mantle)
 r - a ring of protection from cold
 u - a ring of flight (left tentacle)
 v - a +6 ring of dexterity (right tentacle)
 w - a +6 ring of dexterity (on tentacle)
 x - a +6 ring of intelligence (on tentacle)
 y - a +6 ring of intelligence (on tentacle)
 z - a +6 ring of strength (on tentacle)
 A - a +6 ring of strength (on tentacle)
 E - a +6 ring of dexterity (on tentacle)
Wands
 s - a wand of mindburst (7)
 t - a wand of quicksilver (7) (quivered)
Scrolls
 i - 4 scrolls of blinking
 k - 4 scrolls of amnesia
 l - 7 scrolls of fog
 m - 5 scrolls of identify
 n - 2 scrolls of fear
Potions
 c - 6 potions of might
 d - 10 potions of curing
 e - 3 potions of heal wounds
 f - 6 potions of haste
 g - 7 potions of magic
 h - 3 potions of berserk rage
 o - 2 potions of brilliance
 p - 2 potions of invisibility
 q - 4 potions of resistance
Miscellaneous
 B - a lightning rod (4/4)
 D - a piece from Xom's chessboard (15/15)


   Skills:
 + Level 9.7 Fighting
 + Level 9.4 Axes
 + Level 9.7 Dodging
 + Level 9.7 Shields
 + Level 9.1 Invocations


You had 8 spell levels left.
You didn't know any spells.
Your spell library was empty.

Dungeon Overview and Level Annotations

Branches:
Dungeon (1/1)

Altars:
Ashenzari
Cheibriados
Dithmenos
Elyvilon
Fedhas
Gozag
Hepliaklqana
Kikubaaqudgha
Makhleb
Nemelex Xobeh
Okawaru
Qazlal
Ru
Sif Muna
Trog
Uskayaw
Vehumet
Wu Jian
Xom
Yredelemnul
Zin
The Shining One
Jiyva
Lugonu

Annotations:
D 1 transporter


Innate Abilities, Weirdness & Mutations

You cannot wear most types of armour.
You are amphibious.
You can wear up to eight rings at the same time.
Your skin changes colour to match your surroundings (Stealth+).
Your rubbery body absorbs attacks. (AC +1, EV +1)
((You are camouflaged when in or above water. (Stealth+)))
You have tentacles for arms and can constrict up to eight enemies at once.


Message History

You block the air elemental's attack. The air elemental hits you.
You sock the air elemental!
The air elemental is severely damaged.
The air elemental is heavily damaged. x2
You squeeze the air elemental!
You destroy the air elemental!
Qazlal accepts your kill.
The air elemental fires a burst of electricity at you.
The stunning burst misses you.
The air elemental is engulfed in blazing flames.
You block the air elemental's attack. x2
The air elemental is engulfed in blazing flames.
You block the air elemental's attack.
The air elemental fires a burst of electricity at you.
The stunning burst misses you.
The air elemental is engulfed in blazing flames.
The air elemental hits you!
* * * LOW HITPOINT WARNING * * *
The air elemental hits you!
* * * LOW HITPOINT WARNING * * *
Your Invocations skill increases to level 9!
You feel much better.
You block the air elemental's attack. x3
The air elemental completely misses you.
The air elemental hits you!
You hit the air elemental.
The air elemental is severely damaged.
Your squeeze misses the air elemental.
The air elemental is severely damaged.
The air elemental is engulfed in blazing flames.
The air elemental fires a burst of electricity at you.
The stunning burst misses you.
The air elemental fires a burst of electricity at you.
The stunning burst hits you!
You suddenly lose the ability to move!
* * * LOW HITPOINT WARNING * * *
The air elemental is engulfed in blazing flames.
The air elemental fires a burst of electricity at you.
The stunning burst hits you.
* * * LOW HITPOINT WARNING * * *
The air elemental hits you.
You die...

▓..©..▓..©..▓▓▓▓▓▓▓
▓▓▓▓▓▓▓▓▓▓▓▓▓▓
▓..8©8...▓
▓..)=[...▓
▓...:....▓
▓........▓
▓........▓
▓..E.E...▓
▓...@....▓
▓▓▓▓▓▓▓▓▓▓


You could see 2 air elementals.

Vanquished Creatures
  3 toenail golems (D)
  A spriggan (D)
  2 air elementals (D)
  A black bear (D)
  2 wolves (D)
  A crimson imp (D)
  An ufetubus (D)
11 creatures vanquished.

Notes
Turn   | Place    | Note
-------+----------+-------------------------------------------
     0 | D        | BigDaddyOpFi the Octopode Fighter began the quest for the
                  | Orb.
     0 | D        | Reached XP level 1. HP: 16/16 MP: 1/1
     0 | D        | Found a shimmering blue altar of Sif Muna.
     0 | D        | Found a bloodstained altar of Trog.
     0 | D        | Found a sacrificial altar of Ru.
     0 | D        | Found a stormy altar of Qazlal.
     0 | D        | Found an iron altar of Okawaru.
     4 | D        | Found a blossoming altar of Fedhas.
     4 | D        | Found the +6 Majin-Bo {vamp, MP+6 Int+6}
     4 | D        | Found the +27 heavy crossbow "Sniper" {heavy, Acc+∞ SInv}
     4 | D        | Found the +10 dark maul {heavy}
     4 | D        | Found the +15 Maxwell's patent armour {-Cast -Tele rElec
                  | Will+ rCorr}
     4 | D        | Found the +18 shield of the Gong {rElec rN+ Will+ EV-5}
     4 | D        | Found the +16 obsidian axe {drain, Mesm Drain Fly SInv}
     4 | D        | Found the +7 great mace "Firestarter" {flame, inner flame,
                  | rF++}
     4 | D        | Found the +6 shillelagh "Devastator" {shatter}
     4 | D        | Found the +11 plutonium sword {Contam Stlth-}
     4 | D        | Found the +8 lance "Wyrmbane" {slay drac, rPois rF+ rC+
                  | AC+3}
     4 | D        | Found the +9 sword of Zonguldrok {reap}
     4 | D        | Found the +13 scythe of Curses {drain, Drain}
     4 | D        | Found the +9 sword of Power
     4 | D        | Found the +7 mace of Variability {chaos, chain chaos}
     4 | D        | Found the +11 Singing Sword {sonic wave}
     4 | D        | Found the +8 storm bow {elec, penet}
     8 | D        | Found a transporter.
     8 | D        | Found a viscous altar of Jiyva.
     8 | D        | Found an ancient bone altar of Kikubaaqudgha.
     8 | D        | Found a hazy altar of Hepliaklqana.
     8 | D        | Found a corrupted altar of Lugonu.
     8 | D        | Found an opulent altar of Gozag.
     8 | D        | Found a burning altar of Makhleb.
     9 | D        | Found a sparkling altar of Nemelex Xobeh.
    48 | D        | Reached XP level 2. HP: 23/23 MP: 2/2
    58 | D        | Became a worshipper of Qazlal Stormbringer
    85 | D        | Entered arena 2.
    85 | D        | Noticed a crimson imp
    85 | D        | Found a transporter.
    91 | D        | Killed a crimson imp
    92 | D        | Reached skill level 5 in Fighting
    92 | D        | Reached skill level 5 in Dodging
    92 | D        | Reached skill level 5 in Shields
    92 | D        | Reached XP level 3. HP: 18/29 MP: 2/4
   473 | D        | Entered arena 3.
   473 | D        | Noticed a toenail golem
   473 | D        | Noticed a toenail golem
   473 | D        | Noticed a toenail golem
   473 | D        | Found a transporter.
   481 | D        | Killed a toenail golem
   481 | D        | Reached * piety under Qazlal
   482 | D        | Reached XP level 4. HP: 9/38 MP: 8/8
   482 | D        | Reached XP level 5. HP: 11/43 MP: 9/9
   482 | D        | Reached XP level 6. HP: 12/49 MP: 10/10
   487 | D        | Killed a toenail golem
   488 | D        | Reached XP level 7. HP: 23/56 MP: 12/12
   488 | D        | Killed a toenail golem
   489 | D        | Reached XP level 8. HP: 27/63 MP: 13/13
   680 | D        | Entered arena 4.
   680 | D        | Noticed a spriggan
   680 | D        | Found a transporter.
   683 | D        | Reached ** piety under Qazlal
   685 | D        | Killed a spriggan
   699 | D        | Entered arena 5.
   699 | D        | Noticed an air elemental
   699 | D        | Noticed an air elemental
   699 | D        | Noticed an air elemental
   699 | D        | Noticed an air elemental
   699 | D        | Found a transporter.
   700 | D        | Paralysed by an air elemental for 1 turns
   704 | D        | Killed an air elemental
   704 | D        | Reached *** piety under Qazlal
   704 | D        | Paralysed by an air elemental for 1 turns
   705 | D        | Reached XP level 9. HP: 12/69 MP: 15/15
   708 | D        | Paralysed by an air elemental for 1 turns
   708 | D        | HP: 3/70 [air elemental/stunning burst (5)]
   708 | D        | Slain by an air elemental

Illustrated notes

Levels and vault maps discovered:
D:        sprint_v [room_start, room_1, room_2, room_3, room_4, room_5, room_6,
          room_7, room_8, room_9, room_10, room_11, room_12, room_13, room_14,
          room_15, room_16, room_17, room_18, room_19, room_20, room_21,
          room_22, room_23, room_24, room_25, room_26, room_27]

Skill      XL: |  1  2  3  4  5  6  7  8  9 |
---------------+----------------------------+-----
Fighting       | 4 5 7 8 9 |  9.7
Axes           | 4 7 8 9 |  9.4
Dodging        | 4 5 7 8 9 |  9.7
Shields        | 4 5 7 8 9 |  9.7
Invocations    | 2 6 7 8 9 |  9.1

Action                   |  1- 3 |  4- 6 |  7- 9 || total
-------------------------+-------+-------+-------++-------
Melee: Shillelagh        |     9 |     4 |     7 ||    20
       Tentacles         |     2 |     1 |     2 ||     5
  Use: Potion            |     1 |     2 |     5 ||     8
Armor: Skin              |     1 |       |       ||     1
Dodge: Dodged            |     4 |     5 |    23 ||    32
Block: Tower shield      |    23 |     6 |    22 ||    51

Table legend: (Time is in decaauts)
 A = Elapsed time spent in this place.
 B = Non-inter-level travel time spent in this place.
 C = Inter-level travel time spent in this place.
 D = Time resting spent in this place.
 E = Time spent auto-exploring this place.
 F = Levels seen in this place.
 G = Mean time per level.
                   A        B        C        D        E       F      G
               +--------+--------+--------+--------+--------+-----+--------+
         Total |    709 |    709 |      0 |    542 |      0 |   1 |  709.0 |
       Dungeon |    709 |    709 |      0 |    542 |      0 |   1 |  709.0 |
               +--------+--------+--------+--------+--------+-----+--------+

Top non-repeatable levels by time:
       D: 709 daAuts
